 Dungeon Sprint DCSS version 0.29-a0-838-g385bb11a5b (webtiles) character file.

Game seed: 3253678059831998942

6 purpskrrrp the Grave Robber (level 1, -5/10 HPs)
             Began as a Deep Elf Necromancer on July 13, 2022.
             Slain by a scorpion (7 damage)
             ... in the Dungeon (Sprint IX: "|||||||||||||||||||||||||||||").
             The game lasted 00:01:31 (35 turns).

purpskrrrp the Grave Robber (Deep Elf Necromancer)    Turns: 35, Time: 00:01:31

Health: -5/10      AC:  2    Str:  5    XL:     1   Next: 75%
Magic:  0/7        EV: 12    Int: 19    God:
Gold:   0          SH:  0    Dex: 15    Spells: 6/7 levels left

rFire   . . .      SeeInvis .   (no weapon)
rCold   . . .      Faith    .   (no shield)
rNeg    . . .      Spirit   .   a - +0 robe
rPois   .          Reflect  .   (no helmet)
rElec   .          Harm     .   (no cloak)
rCorr   .          Rampage  .   (no gloves)
Will    .....      NoTele   +   (no boots)
Stlth   ++........              (no amulet)
HPRegen 0.03/turn               (no ring)
MPRegen 0.10/turn               (no ring)

@: no status effects
A: no striking features
a: no special abilities


You were in the Dungeon.
You visited 1 branch

Inventory:

Armour
 a - a +0 robe (worn)
Scrolls
 g - a scroll of blinking
Potions
 b - 3 potions of magic
 c - a potion of curing
 d - a potion of heal wounds
 e - a potion of haste
 f - a potion of berserk rage


   Skills:
 - Level 2.6 Dodging
 * Level 2.7 Stealth
 + Level 3.5 Spellcasting
 * Level 6.1 Necromancy


You had 6 spell levels left.
You knew the following spells:

 Your Spells              Type           Power      Damage    Failure   Level
a - Necrotise             Necr           100%       1d9       1%          1

Your spell library contained the following spells:

 Spells                   Type           Power      Damage    Failure   Level
 Vampiric Draining        Necr           26%        2d7       3%          3
 Animate Dead             Necr           26%        N/A       12%         4
 Agony                    Necr           26%        N/A       32%         5


Dungeon Overview and Level Annotations

Branches:
Dungeon (1/1)

Altars:


Message History

Aim: a giant cockroach (severely wounded, chance to affect: 93%)
Okay, then.
Aiming: Necrotise (safe; 1% risk of failure)
Press: ? - help, Q - select action Shift-Dir - straight line, f - giant cockroach
Aim: a giant cockroach (severely wounded, chance to affect: 93%)
The giant cockroach writhes in agony.
You kill the giant cockroach!
Aiming: Necrotise (safe; 1% risk of failure)
Press: ? - help, Q - select action Shift-Dir - straight line, f - hobgoblin
Aim: a hobgoblin (chance to affect: 93%)
The hobgoblin writhes in agony!
You kill the hobgoblin!
The dead are walking!
Your Necromancy skill increases to level 6!
You swap places.
There is an open door to the Dungeon here.
You open the door.
An adder, a hound, a necrophage, a shadow imp and a scorpion come into view.
You swap places.
The scorpion stings your hobgoblin skeleton.
Your hobgoblin skeleton barely misses the scorpion.
The scorpion stings your hobgoblin skeleton.
The scorpion stings your hobgoblin skeleton.
Your hobgoblin skeleton is destroyed!
There is an open door to the Dungeon here.
Aiming: Necrotise (safe; 1% risk of failure)
Press: ? - help, Q - select action Shift-Dir - straight line, f - scorpion
Aim: a scorpion (chance to affect: 83%)
The scorpion writhes in agony!
There is a staircase leading out of the dungeon here.
Aiming: Necrotise (safe; 1% risk of failure)
Press: ? - help, Q - select action Shift-Dir - straight line, f/p - scorpion
Aim: a scorpion (heavily wounded, chance to affect: 83%)
The scorpion barely resists.
The scorpion stings you.
Ouch! That really hurt!
* * * LOW HITPOINT WARNING * * *
The scorpion stings you!
Ouch! That really hurt!
You die... ▓▓▓▓▓▓▓▓▓▓▓▓▓▓▓▓▓▓ +Shn5.'.....'..s@▓ ▓▓▓▓▓▓▓▓▓▓▓▓▓▓▓▓▓▓

You could see a scorpion.

Vanquished Creatures
  An endoplasm (D)
  2 giant cockroaches (D)
  A hobgoblin (D)
  A ball python (D)
5 creatures vanquished.

Notes
Turn   | Place    | Note
-------+----------+-------------------------------------------
     0 | D        | purpskrrrp the Deep Elf Necromancer began the quest for the
                  | Orb.
     0 | D        | Reached XP level 1. HP: 10/10 MP: 6/6
     7 | D        | Reached skill level 5 in Necromancy
    17 | D        | Reached skill level 6 in Necromancy
    24 | D        | Noticed a hound
    24 | D        | Noticed a necrophage
    24 | D        | Noticed a scorpion
    35 | D        | Slain by a scorpion

Illustrated notes

Levels and vault maps discovered:
D:        linesprint [early_d, line_temple, items_1, d_10, items_2, lair_1,
          lair_end, items_3, orc_1, orc_end, items_4, d_15, swamp_1, shoals_1,
          snake_1, spider_1, d_20, vaults_1, items_5, swamp_end, shoals_end,
          snake_end, spider_end, vaults_end, d_27, items_6, zot_1, zot_end,
          crypt_end, forest_end, elf_end, slime_end, tomb_end, abyss_end,
          pan_hell_end]

Skill      XL: |  1 |
---------------+----+-----
Necromancy     | 6 |  6.1
Dodging        | |  2.6
Stealth        | |  2.7
Spellcasting   | |  3.5

Action                   || total
-------------------------++-------
 Cast: Necrotise         ||     9
Dodge: Dodged            ||     5

Table legend: (Time is in decaauts)
 A = Elapsed time spent in this place.
 B = Non-inter-level travel time spent in this place.
 C = Inter-level travel time spent in this place.
 D = Time resting spent in this place.
 E = Time spent auto-exploring this place.
 F = Levels seen in this place.
 G = Mean time per level.
                   A        B        C        D        E       F      G
               +--------+--------+--------+--------+--------+-----+--------+
         Total |     35 |     35 |      0 |      0 |      0 |   1 |   35.0 |
       Dungeon |     35 |     35 |      0 |      0 |      0 |   1 |   35.0 |
               +--------+--------+--------+--------+--------+-----+--------+

Top non-repeatable levels by time:
       D: 35 daAuts
